PL
CLEVELAND BROWNS @ BUFFALO WHITE WALKERS
08/24/2042
 
TOP OF THE 1ST
Cleveland Browns batting - Pitching for Buffalo White Walkers : RHP Glenn Underwood
Pitching: RHP Glenn Underwood
Batting: SHB Jhett Larson 0-0: Ball
1-0: Foul Ball, location: 2F
1-1: Ball
2-1: Fly out, F7 (Flyball, 78M, EV 90.6 MPH)
Pitching: LHP Mannus Dijkman
Batting: LHB Lauren Hilfiker 0-0: SINGLE (Groundball, 4MD, EV 99.4 MPH)
Batting: RHB Meester Gobbles-Rooster 0-0: Called Strike
0-1: Ball
1-1: Ball
2-1: Ball
3-1: Swinging Strike
3-2: Base on Balls
Lauren Hilfiker to second
Batting: LHB Ruud van Ineveld 0-0: Ball
1-0: SINGLE (Line Drive, 78M, EV 108.1 MPH)
Lauren Hilfiker to third
Meester Gobbles-Rooster to second
Runner from 3rd tries for Home, SAFE, no throw by CF
Batting: RHB Tom Camden 0-0: Ball
1-0: Called Strike
1-1: Ground out 6-3 (Groundball, 6S, EV 69.4 MPH)
Meester Gobbles-Rooster to third
Ruud van Ineveld to second
Batting: LHB Tadayoshi Watanabe 0-0: Fly out, F3 (Popup, 3SF, EV 78.8 MPH)
Top of the 1st over - 1 run, 2 hits, 0 errors, 2 left on base; Cleveland 1 - Buffalo 0
BOTTOM OF THE 1ST
Buffalo White Walkers batting - Pitching for Cleveland Browns : RHP Javier Ariza
Pitching: RHP Javier Ariza
Batting: LHB Dread Roberts 0-0: Swinging Strike
0-1: Called Strike
0-2: Foul Ball, location: 2F
0-2: Ball
1-2: Fly out, F8 (Flyball, 78XD, EV 95.0 MPH)
Batting: RHB Tom Smythe 0-0: Ball
1-0: Fly out, F8 (Flyball, 8RS, EV 81.9 MPH)
Batting: LHB Ryder Ringor 0-0: Called Strike
0-1: Ball
1-1: Ball
2-1: Fly out, F9 (Flyball, 89XD, EV 84.4 MPH)
Bottom of the 1st over - 0 runs, 0 hits, 0 errors, 0 left on base; Cleveland 1 - Buffalo 0
TOP OF THE 2ND
Cleveland Browns batting - Pitching for Buffalo White Walkers : LHP Mannus Dijkman
Batting: LHB Bob Giles 0-0: Ball
1-0: Foul Ball, location: 2F
1-1: Called Strike
1-2: Strikes out looking
Batting: LHB Jim Brown 0-0: Ball
1-0: Ball
2-0: Foul Ball, location: 2F
2-1: Ball
3-1: Foul Ball, location: 2F
3-2: Base on Balls
Batting: RHB Paco González 0-0: Swinging Strike
0-1: Ball
1-1: Ball
2-1: Called Strike
2-2: Fielders Choice at 2nd, 5-4 (Groundball, 5L, EV 102.5 MPH)
Batting: SHB Jhett Larson 0-0: Ball
1-0: Swinging Strike
1-1: Foul Ball, location: 2F
1-2: Fielders Choice at 2nd, 6-4 (Groundball, 6, EV 80.0 MPH)
Top of the 2nd over - 0 runs, 0 hits, 0 errors, 1 left on base; Cleveland 1 - Buffalo 0
BOTTOM OF THE 2ND
Buffalo White Walkers batting - Pitching for Cleveland Browns : RHP Javier Ariza
Batting: SHB Je-myung Yu 0-0: Called Strike
0-1: Ball
1-1: Foul Ball, location: 2F
1-2: Ball
2-2: Ball
3-2: Fly out, F9 (Flyball, 89D, EV 83.8 MPH)
Batting: RHB Eddie Sachs 0-0: Called Strike
0-1: Called Strike
0-2: Ball
1-2: Ground out 5-3 (Groundball, 56, EV 76.2 MPH)
Batting: SHB Max Bortenschlager 0-0: Ball
1-0: Ball
2-0: SINGLE (Groundball, 5D, EV 95.0 MPH)
Batting: SHB Tom Dickinson 0-0: Fly out, F3 (Flyball, 3D, EV 89.4 MPH)
Bottom of the 2nd over - 0 runs, 1 hit, 0 errors, 1 left on base; Cleveland 1 - Buffalo 0
TOP OF THE 3RD
Cleveland Browns batting - Pitching for Buffalo White Walkers : LHP Mannus Dijkman
Batting: LHB Lauren Hilfiker 0-0: Ball
1-0: Ball
2-0: Swinging Strike
2-1: Foul Ball, location: 2F
2-2: Foul Ball, location: 2F
2-2: Ball
3-2: Foul Ball, location: 2F
3-2: Base on Balls
Batting: RHB Meester Gobbles-Rooster 0-0: Fly out, F7 (Line Drive, 7, EV 102.5 MPH)
Batting: LHB Ruud van Ineveld 0-0: Called Strike
0-1: Swinging Strike
0-2: Foul Ball, location: 2F
0-2: Strikes out swinging
Batting: RHB Tom Camden 0-0: Called Strike
0-1: Ball
1-1: Ball
2-1: Ball
3-1: Ground out 4-3 (Groundball, 34, EV 90.0 MPH)
Top of the 3rd over - 0 runs, 0 hits, 0 errors, 1 left on base; Cleveland 1 - Buffalo 0
BOTTOM OF THE 3RD
Buffalo White Walkers batting - Pitching for Cleveland Browns : RHP Javier Ariza
Batting: LHB Alexis Raimbault 0-0: Ball
1-0: Swinging Strike
1-1: Ball
2-1: Fly out, F8 (Flyball, 8RS, EV 91.2 MPH)
Batting: RHB Armando Altagracia 0-0: Ball
1-0: Foul Ball, location: 2F
1-1: Ball
2-1: Swinging Strike
2-2: Ball
3-2: Strikes out looking
Batting: LHB Dread Roberts 0-0: Fly out, F8 (Line Drive, 8RM, EV 98.1 MPH)
Bottom of the 3rd over - 0 runs, 0 hits, 0 errors, 0 left on base; Cleveland 1 - Buffalo 0
TOP OF THE 4TH
Cleveland Browns batting - Pitching for Buffalo White Walkers : LHP Mannus Dijkman
Batting: LHB Tadayoshi Watanabe 0-0: Called Strike
0-1: Ball
1-1: Ball
2-1: Foul Ball, location: 2F
2-2: Foul Ball, location: 2F
2-2: Foul Ball, location: 2F
2-2: SOLO HOME RUN (Flyball, 9LD, EV 105.0 MPH), Distance : 331 ft
Batting: LHB Bob Giles 0-0: Called Strike
0-1: Swinging Strike
0-2: Strikes out swinging
Batting: LHB Jim Brown 0-0: Ball
1-0: SINGLE (Groundball, 2L, EV 75.6 MPH) (infield hit)
Batting: RHB Paco González 0-0: Ball
1-0: Called Strike
1-1: Fly out, F7 (Flyball, 78M, EV 91.2 MPH)
Batting: SHB Jhett Larson 0-0: Ball
1-0: Foul Ball, location: 2F
1-1: Ball
2-1: Fly out, F3 (Popup, 3F, EV 66.9 MPH)
Top of the 4th over - 1 run, 2 hits, 0 errors, 1 left on base; Cleveland 2 - Buffalo 0
BOTTOM OF THE 4TH
Buffalo White Walkers batting - Pitching for Cleveland Browns : RHP Javier Ariza
Batting: RHB Tom Smythe 0-0: Ball
1-0: Called Strike
1-1: Swinging Strike
1-2: Ground out 1-3 (Groundball, 13, EV 89.4 MPH)
Batting: LHB Ryder Ringor 0-0: Foul Ball, location: 2F
0-1: Foul Ball, location: 2F
0-2: Ball
1-2: Fly out, F6 (Popup, 4M, EV 53.8 MPH)
Batting: SHB Je-myung Yu 0-0: Called Strike
0-1: Foul Ball, location: 2F
0-2: Ball
1-2: SINGLE (Groundball, 4D, EV 100.0 MPH)
Batting: RHB Eddie Sachs 0-0: Called Strike
0-1: Ball
1-1: Foul Ball, location: 2F
1-2: Fly out, F9 (Flyball, 89D, EV 105.6 MPH)
Bottom of the 4th over - 0 runs, 1 hit, 0 errors, 1 left on base; Cleveland 2 - Buffalo 0
TOP OF THE 5TH
Cleveland Browns batting - Pitching for Buffalo White Walkers : LHP Mannus Dijkman
Batting: LHB Lauren Hilfiker 0-0: Called Strike
0-1: Fly out, F7 (Flyball, 7LM, EV 97.5 MPH)
Batting: RHB Meester Gobbles-Rooster 0-0: Called Strike
0-1: Foul Ball, location: 2F
0-2: Strikes out looking
Batting: LHB Ruud van Ineveld 0-0: Ball
1-0: Ball
2-0: Ground out 5-3 (Groundball, 6, EV 90.6 MPH)
Top of the 5th over - 0 runs, 0 hits, 0 errors, 0 left on base; Cleveland 2 - Buffalo 0
BOTTOM OF THE 5TH
Buffalo White Walkers batting - Pitching for Cleveland Browns : RHP Javier Ariza
Batting: SHB Max Bortenschlager 0-0: Called Strike
0-1: Called Strike
0-2: Ball
1-2: Ball
2-2: Ball
3-2: Strikes out looking
Batting: SHB Tom Dickinson 0-0: Ball
1-0: Called Strike
1-1: Ball
2-1: Ball
3-1: Base on Balls
Batting: LHB Alexis Raimbault 0-0: Called Strike
0-1: Foul Ball, location: 2F
0-2: Ball
1-2: Foul Ball, location: 2F
1-2: SINGLE (Groundball, 4MD, EV 89.4 MPH) (infield hit)
Tom Dickinson to second
Batting: RHB Armando Altagracia 0-0: Fly out, F8 (Flyball, 8RD, EV 104.4 MPH)
Batting: LHB Dread Roberts 0-0: Ball
1-0: Foul Ball, location: 2F
1-1: Swinging Strike
1-2: Ball
2-2: Ball
3-2: Strikes out looking
Bottom of the 5th over - 0 runs, 1 hit, 0 errors, 2 left on base; Cleveland 2 - Buffalo 0
TOP OF THE 6TH
Cleveland Browns batting - Pitching for Buffalo White Walkers : LHP Mannus Dijkman
Batting: RHB Tom Camden 0-0: Ball
1-0: TRIPLE (Flyball, 78XD, EV 89.4 MPH)
Pitching: RHP NaNomi Lojore
Batting: LHB Tadayoshi Watanabe 0-0: Ball
1-0: Called Strike
1-1: Ball
2-1: Ball
3-1: Base on Balls
Batting: LHB Bob Giles 0-0: Ball
1-0: SINGLE (Groundball, 56D, EV 106.9 MPH)
Tom Camden scores
Tadayoshi Watanabe to second
Batting: LHB Jim Brown 0-0: Foul Ball, location: 2F
0-1: Fielders Choice at 2nd, 6-4 (Groundball, 6, EV 82.5 MPH)
Tadayoshi Watanabe to third
Batting: RHB Paco González 0-0: Called Strike
0-1: Ball
1-1: Called Strike
1-2: Foul Ball, location: 2F
1-2: Ball
2-2: Foul Ball, location: 2F
2-2: Strikes out swinging
Batting: SHB Jhett Larson 0-0: Ball
1-0: SINGLE (Groundball, 25, EV 71.2 MPH) (infield hit)
Tadayoshi Watanabe scores
Jim Brown to second
Batting: LHB Lauren Hilfiker 0-0: Called Strike
0-1: Foul Ball, location: 2F
0-2: Ball
1-2: Ball
2-2: Foul Ball, location: 2F
2-2: Foul Ball, location: 2F
2-2: Fly out, F8 (Flyball, 8LXD, EV 93.1 MPH)
Top of the 6th over - 2 runs, 3 hits, 0 errors, 2 left on base; Cleveland 4 - Buffalo 0
BOTTOM OF THE 6TH
Buffalo White Walkers batting - Pitching for Cleveland Browns : RHP Javier Ariza
Batting: RHB Tom Smythe 0-0: Called Strike
0-1: Ground out 6-3 (Groundball, 6, EV 76.2 MPH)
Batting: LHB Ryder Ringor 0-0: Ball
1-0: Ground out 4-3 (Groundball, 4, EV 82.5 MPH)
Batting: SHB Je-myung Yu 0-0: Ball
1-0: Ball
2-0: Called Strike
2-1: Foul Ball, location: 2F
2-2: Ball
3-2: Base on Balls
Batting: RHB Eddie Sachs 0-0: Fielders Choice at 2nd, 5-4 (Groundball, 56, EV 81.9 MPH)
Bottom of the 6th over - 0 runs, 0 hits, 0 errors, 1 left on base; Cleveland 4 - Buffalo 0
TOP OF THE 7TH
Cleveland Browns batting - Pitching for Buffalo White Walkers : RHP NaNomi Lojore
Batting: RHB Meester Gobbles-Rooster 0-0: Foul Ball, location: 2F
0-1: SINGLE (Groundball, 34D, EV 98.1 MPH)
Batting: LHB Ruud van Ineveld 0-0: Called Strike
0-1: Ball
1-1: Ball
2-1: Ball
3-1: Base on Balls
Meester Gobbles-Rooster to second
Batting: RHB Tom Camden 0-0: Fly out, F7 (Flyball, 78S, EV 85.0 MPH)
Batting: LHB Tadayoshi Watanabe 0-0: Ball
1-0: Called Strike
1-1: Called Strike
1-2: Ball
2-2: Ball
3-2: Fly out, F7 (Flyball, 78S, EV 86.2 MPH)
Batting: LHB Bob Giles 0-0: Foul Ball, location: 2F
0-1: Ball
1-1: Ball
2-1: Reached on error, E6 (Groundball, 6, EV 80.6 MPH)
Meester Gobbles-Rooster to third
Ruud van Ineveld to second
Pitching: RHP Keith Rojas
Batting: LHB Jim Brown 0-0: Ball
1-0: Ball
2-0: Ball
3-0: Base on Balls
Meester Gobbles-Rooster scores
Ruud van Ineveld to third
Bob Giles to second
Batting: RHB Paco González 0-0: Foul Ball, location: 2F
0-1: Swinging Strike
0-2: Strikes out swinging
Top of the 7th over - 1 run, 1 hit, 1 error, 3 left on base; Cleveland 5 - Buffalo 0
BOTTOM OF THE 7TH
Buffalo White Walkers batting - Pitching for Cleveland Browns : RHP Javier Ariza
Batting: SHB Max Bortenschlager 0-0: SINGLE (Groundball, 34D, EV 106.2 MPH)
Batting: SHB Tom Dickinson 0-0: Foul Ball, location: 2F
0-1: Fly out, F7 (Line Drive, 7, EV 86.2 MPH)
Pitching: RHP Elliot Roebuck
Batting: LHB Alexis Raimbault 0-0: Ball
1-0: Ball
2-0: Ball
3-0: Called Strike
3-1: SINGLE (Flyball, 9S, EV 89.4 MPH)
Max Bortenschlager to second
Runner from 2nd tries for 3rd, SAFE, no throw by RF
Batting: RHB Armando Altagracia 0-0: Swinging Strike
0-1: Ball
1-1: Foul Ball, location: 2F
1-2: Ball
2-2: Strikes out swinging
Batting: LHB Dread Roberts 0-0: Ball
1-0: Ground out 1-3 (Groundball, 25, EV 64.4 MPH)
Bottom of the 7th over - 0 runs, 2 hits, 0 errors, 2 left on base; Cleveland 5 - Buffalo 0
TOP OF THE 8TH
Cleveland Browns batting - Pitching for Buffalo White Walkers : RHP Keith Rojas
Batting: SHB Jhett Larson 0-0: Ball
1-0: SINGLE (Groundball, 4MD, EV 110.6 MPH)
Batting: LHB Lauren Hilfiker 0-0: Ball
1-0: Called Strike
1-1: Swinging Strike
1-2: Strikes out swinging
Batting: RHB Meester Gobbles-Rooster 0-0: Called Strike
0-1: Foul Ball, location: 2F
0-2: Foul Ball, location: 2F
0-2: Ball
1-2: Foul Ball, location: 2F
1-2: Ball
2-2: Strikes out swinging
Batting: LHB Ruud van Ineveld 0-0: Foul Ball, location: 2F
0-1: Ball
1-1: Ground out 4-3 (Groundball, 4, EV 85.6 MPH)
Top of the 8th over - 0 runs, 1 hit, 0 errors, 1 left on base; Cleveland 5 - Buffalo 0
BOTTOM OF THE 8TH
Buffalo White Walkers batting - Pitching for Cleveland Browns : RHP Elliot Roebuck
Batting: RHB Tom Smythe 0-0: Called Strike
0-1: Ball
1-1: Ground out 6-3 (Groundball, 6, EV 85.0 MPH)
Batting: LHB Ryder Ringor 0-0: Ground out 4-3 (Groundball, 4, EV 78.1 MPH)
Batting: SHB Je-myung Yu 0-0: Ball
1-0: Ball
2-0: Ball
3-0: Called Strike
3-1: Base on Balls
Batting: RHB Eddie Sachs 0-0: Foul Ball, location: 2F
0-1: SINGLE (Line Drive, 78S, EV 111.2 MPH)
Je-myung Yu to second
Batting: SHB Max Bortenschlager 0-0: Called Strike
0-1: Ground out U3 (Groundball, 3L, EV 89.4 MPH)
Bottom of the 8th over - 0 runs, 1 hit, 0 errors, 2 left on base; Cleveland 5 - Buffalo 0
TOP OF THE 9TH
Cleveland Browns batting - Pitching for Buffalo White Walkers : RHP Keith Rojas
Batting: RHB Tom Camden 0-0: Called Strike
0-1: Ball
1-1: Ball
2-1: Ball
3-1: SINGLE (Flyball, 89S, EV 92.5 MPH)
Pitching: RHP Blaine Stottlar
Batting: LHB Tadayoshi Watanabe 0-0: Swinging Strike
0-1: Ball
1-1: Foul Ball, location: 2F
1-2: Ball
2-2: Strikes out swinging
Tom Camden steals 2nd base (no throw)
Batter strikes out.
Batting: LHB Bob Giles 0-0: Called Strike
Tom Camden steals 3rd base
0-1: Ball
1-1: Foul Ball, location: 2F
1-2: Ball
2-2: Ball
3-2: Base on Balls
Batting: LHB Jim Brown 0-0: Ball
1-0: Swinging Strike
1-1: Swinging Strike
1-2: Ball
2-2: Foul Ball, location: 2F
2-2: Ball
3-2: Foul Ball, location: 2F
3-2: Base on Balls
Bob Giles to second
Batting: RHB Paco González 0-0: Called Strike
0-1: Foul Ball, location: 2F
0-2: Strikes out swinging
Batting: SHB Jhett Larson 0-0: Ball
1-0: Single, Error in OF, E8, batter to second base (Groundball, 6D, EV 100.0 MPH)
Tom Camden scores
Bob Giles scores
Jim Brown to third
Batting: LHB Lauren Hilfiker 0-0: Ball
1-0: Ball
2-0: Foul Ball, location: 2F
2-1: Swinging Strike
2-2: Foul Ball, location: 2F
2-2: Foul Ball, location: 2F
2-2: Ground out U3 (Groundball, 34S, EV 87.5 MPH)
Top of the 9th over - 2 runs, 2 hits, 1 error, 2 left on base; Cleveland 7 - Buffalo 0
BOTTOM OF THE 9TH
Buffalo White Walkers batting - Pitching for Cleveland Browns : RHP Elliot Roebuck
Batting: SHB Tom Dickinson 0-0: Swinging Strike
0-1: Ball
1-1: Ball
2-1: Foul Ball, location: 2F
2-2: Ball
3-2: Fly out, F8 (Flyball, 8LD, EV 88.8 MPH)
Batting: LHB Alexis Raimbault 0-0: Foul Ball, location: 2F
0-1: Ball
1-1: Fly out, F7 (Flyball, 7S, EV 87.5 MPH)
Batting: RHB Armando Altagracia 0-0: Fly out, F9 (Flyball, 9S, EV 77.5 MPH)
Bottom of the 9th over - 0 runs, 0 hits, 0 errors, 0 left on base; Cleveland 7 - Buffalo 0
Friday, March 26th, 2021 - OOTP Baseball 20.8 Build 74